 Dungeon Crawl Stone Soup version 0.26.1-11-gd32895ea62 (webtiles) character file.

Game seed: 15643402492173100984

32 Zeld the Shield-Bearer (level 3, -7/26 HPs)
             Began as an Octopode Fighter on May 11, 2021.
             Mangled by Sigmund
             ... wielding a +0 scythe
              (10 damage)
             ... on level 2 of the Dungeon.
             The game lasted 00:01:30 (1006 turns).

Zeld the Shield-Bearer (Octopode Fighter)           Turns: 1006, Time: 00:01:31

Health: -7/26      AC:  1    Str: 16    XL:     3   Next: 27%
Magic:  4/4        EV: 11    Int: 10    God:
Gold:   58         SH:  0    Dex: 11    Spells: 3/3 levels left

rFire    . . .     SeeInvis .   a - +0 war axe
rCold    . . .     Faith    .   b - +0 kite shield
rNeg     . . .     Spirit   .   (helmet restricted)
rPois    .         Reflect  .   (no amulet)
rElec    .         Harm     .   (no ring)
rCorr    .         Rampage  .   (no ring)
Will     .....                  (no ring)
Stlth    ++........             (no ring)
HPRegen  0.08/turn              (no ring)
MPRegen  0.09/turn              (no ring)
                                (no ring)
                                (no ring)

@: confused, mighty
A: almost no armour, stealthy swim, amphibious, 8 rings, constrict 8, camouflage
1, gelatinous body 1
a: no special abilities


You were on level 2 of the Dungeon.
You visited 1 branch of the dungeon, and saw 2 of its levels.

You collected 58 gold pieces.

Inventory:

Hand Weapons
 a - a +0 war axe (weapon)
Missiles
 k - 5 poisoned darts (quivered)
Armour
 b - a +0 kite shield (worn)
Scrolls
 d - a scroll of teleportation {unknown}
 e - a scroll of fear {unknown}
 f - 4 scrolls of identify {unknown}
 i - 2 scrolls of remove curse {unknown}
Potions
 g - 3 potions of curing {unknown}
 h - a potion of haste {unknown}
 j - a potion of degeneration {unknown}


   Skills:
 - Level 3.3 Fighting
 - Level 2.4 Axes
 * Level 0.9 Throwing
 - Level 3.0 Dodging
 - Level 3.3 Shields
 * Level 0.7 Spellcasting


You had 3 spell levels left.
You didn't know any spells.
Your spell library was empty.

Dungeon Overview and Level Annotations

Branches:
Dungeon (2/15)

Altars:

Annotations:
D:2 Sigmund


Innate Abilities, Weirdness & Mutations

You cannot wear most types of armour.
You are very stealthy in the water. (Stealth+)
You are amphibious.
You can wear up to eight rings at the same time.
You can use your tentacles to constrict eight enemies at once.
Your skin changes colour to match your surroundings (Stealth+).
Your rubbery body absorbs attacks. (AC +1, EV +1)


Message History

You resist with significant effort. Sigmund casts a spell at you.
The magic dart hits you.
You closely miss Sigmund. Your grab misses Sigmund.
Sigmund is moderately wounded.
Sigmund hits you with a +0 scythe!
You are too injured to fight recklessly!
You closely miss Sigmund. Your grab misses Sigmund.
Sigmund is moderately wounded.
Sigmund points at you and mumbles some strange words.
The puff of flame hits you.
* * * LOW HITPOINT WARNING * * *
Sigmund casts a spell at you.
You are confused.
You slash Sigmund! Your squeeze misses Sigmund.
Sigmund is almost dead.
Sigmund gestures at you while chanting.
You are more confused.
Sigmund hits you with a +0 scythe!
You die...

#....(.# #....(.# #....(.#
#....(.# . #......#..
#......#.# #......#.#
#.@....#.####.
###@............
..#...........## .####
#.#...........## ......
#.#.....).>..... .......
#.#........####. ......
###.#.........#
#...#####.................
#....##.............##..
#....##!......###.......


You could see Sigmund (poisoned).

Vanquished Creatures
  An adder (D:2)
  A leopard gecko (D:1)
  3 goblins
  5 hobgoblins
  3 jackals (D:1)
  A kobold (D:1)
  3 bats
  A frilled lizard (D:1)
  2 rats (D:1)
20 creatures vanquished.

Notes
Turn   | Place    | Note
-------+----------+-------------------------------------------
     0 | D:1      | Zeld the Octopode Fighter began the quest for the Orb.
     0 | D:1      | Reached XP level 1. HP: 16/16 MP: 1/1
   153 | D:1      | Reached XP level 2. HP: 3/21 MP: 2/2
   962 | D:2      | Reached XP level 3. HP: 26/26 MP: 2/4
   989 | D:2      | Noticed Sigmund
  1006 | D:2      | Mangled by Sigmund

Illustrated notes

Levels and vault maps discovered:
D:1:      dpeg_arrival_boxes_within_box, layout_loops_ring
D:2:      wad_lake_hut, layout_basic, grunt_ministairs_10, uniq_sigmund

Action                   || total
-------------------------++-------
Melee: War axe           ||    29
       Constrict         ||     6
       Tentacles         ||     6
Throw: Dart              ||     5
  Use: Potion            ||     1
 Stab: Sleeping          ||     5
Armor: Skin              ||     2
Dodge: Dodged            ||    14
Block: Kite shield       ||     6
